nansdnkbsdb, neutral female scurrid Tourist ------ |.....# |<...|# |....|# .....|# |....|### -|---- # #'# @ ## nansdnkbsdb the Rambler Experience level: 1 Strength: 13 Dexterity: 9 Constitution: 14 Intelligence: 16 Wisdom: 8 Charisma: 15 Health: 0(9) Energy: 2(2) Def: 0 Gold: 780 Moves: 141 Dungeon seed: hmKn97VQYTA_qZo3 Game ID: nansdnkbsdb_1528521542 Your Inventory: Coins $ - 780 gold pieces Weapons a - 43 uncursed +2 darts (in quiver) Armor e - an uncursed +0 Hawaiian shirt (being worn) Comestibles b - an uncursed chestnut c - an uncursed banana d - 4 uncursed food rations f - 2 uncursed tins of kobold meat g - an uncursed cram ration h - an uncursed tin of sewer rat meat i - an uncursed egg j - an uncursed cream pie Scrolls l - 4 uncursed scrolls of magic mapping Potions k - 2 uncursed potions of extra healing Wands o - an uncursed wand of secret door detection (0:15) Tools m - an uncursed expensive camera (0:37) n - an uncursed credit card p - an uncursed leash Spells and supernatural/magical abilities: Name Level Category Fail Memory W - pray for help -- divine ? -- Your skills at the end: Miscellaneous Skills wands [Basic] Weapon Skills dart [Basic] Spellcasting Skills Final Attributes: You were devoutly aligned. Your writing paw was a little cramped from use. You had infravision. You were very stealthy. You are dead. Voluntary challenges: You went without food. You did not adorn yourself with jewelry or accessories. You did not cause conflict. You were not invisible. You did not have reflection. You were not displaced. You were an atheist. You never hit with a wielded weapon. You were a pacifist. You did not use tools. You did not use plumbed fixtures. You did not drink any magical draughts. You read items or engraved 2 times, starting on turn 32. You never genocided any monsters. You never polymorphed an object. You never changed form. You used no wishes. You never split a pudding. You wrote Elbereth's name 2 times, starting on turn 32. You never violated your personal moral code. Dungeon overview: The Dungeons of Doom: levels 1 to 20 Level 1 a long staircase Level 2 a fountain Level 3 Level 4 Level 5 Level 6 Level 7 Level 8 Level 9 Level 10 Level 11 Level 12 Level 13 Level 14 Level 15 Level 16 Level 17 Level 18 Level 19 Level 20 <- You were here History has recorded: On T:1 you entered the Dungeons of Doom to retrieve the Amulet of Yendor! On T:15 you reached level 3 of The Dungeons of Doom. On T:22 you reached level 4 of The Dungeons of Doom. On T:28 you reached level 5 of The Dungeons of Doom. On T:34 you reached level 6 of The Dungeons of Doom. On T:40 you reached level 7 of The Dungeons of Doom. On T:46 you reached level 8 of The Dungeons of Doom. On T:52 you reached level 9 of The Dungeons of Doom. On T:60 you reached level 10 of The Dungeons of Doom. On T:66 you reached level 11 of The Dungeons of Doom. On T:73 you reached level 12 of The Dungeons of Doom. On T:79 you reached level 13 of The Dungeons of Doom. On T:85 you reached level 14 of The Dungeons of Doom. On T:91 you reached level 15 of The Dungeons of Doom. On T:100 you reached level 16 of The Dungeons of Doom. On T:100 you entered the Rogue tribute level. On T:106 you reached level 17 of The Dungeons of Doom. On T:112 you reached level 18 of The Dungeons of Doom. On T:118 you reached level 19 of The Dungeons of Doom. On T:124 you reached level 20 of The Dungeons of Doom. Score breakdown: Gold: 77 ( 7 points) Experience: 1 level ( 0 points) Exploration: 20 levels ( 570 points) Discoveries: 0 items ( 0 points) Variety of kills: 0 monsters ( 0 points) Major goal: (nothing yet) ( 0 points) Survival: died (score multiplied by 3) Total score: 1731 Latest messages: You continue digging downward. You dig a pit in the floor. You continue digging downward. (6x) You dig a hole through the floor. You fall through... You start digging downward. You continue digging downward. You dig a pit in the floor. You continue digging downward. (6x) You dig a hole through the floor. You fall through... You start digging downward. You continue digging downward. You dig a pit in the floor. You continue digging downward. (6x) You dig a hole through the floor. You fall through... You start digging downward. You continue digging downward. You dig a pit in the ground. You continue digging downward. (5x) The gold golem claws you! (2x) You die... Final status: Aloha nansdnkbsdb the Tourist, killed by a gold golem... You died in The Dungeons of Doom on dungeon level 20 with 1731 points, and 780 pieces of gold, after 141 moves. You were level 1 with a maximum of 9 hit points when you died.